 Dungeon Crawl Stone Soup version 0.18-a0-816-g97f838e (webtiles) character file.

975 cluie the Conjurer (level 7, -8/54 HPs)
             Began as a Demonspawn Air Elementalist on Dec 15, 2015.
             Was an Initiate of Gozag.
             Mangled by Pikel
             ... wielding a +0 whip of electrocution
              (10 damage)
             ... on level 5 of the Dungeon.
             The game lasted 00:11:07 (6820 turns).

cluie the Conjurer (Demonspawn Air Elementalist)    Turns: 6820, Time: 00:11:08

Health: -8/54      AC: 11    Str:  9    XL:     7   Next: 95%
Magic:  0/13       EV: 13    Int: 17    God:    Gozag
Gold:   494        SH:  0    Dex: 14    Spells: 3 memorised, 8 levels left

rFire  . . .     SeeInvis .     h - +0 dagger (protect)
rCold  . . .     Clarity  .     a - +0 robe
rNeg   . . .     SustAt   .     (no shield)
rPois  .         Gourm    .     (helmet restricted)
rElec  .         Spirit   .     (no cloak)
rCorr  .         Dismiss  .     m - +1 pair of gloves
rMut   .         Stasis   .     (no boots)
MR     .....                    (no amulet)
Stlth  ++........               (no ring)
                                (no ring)

@: not resistant to hostile enchantments, unstealthy
A: antennae 2, rugged brown scales 2
a: Potion Petition, Call Merchant, Bribe Branch, Renounce Religion


You were on level 5 of the Dungeon.
You worshipped Gozag.
Gozag was noncommittal.
You were not hungry.

You visited 1 branch of the dungeon, and saw 5 of its levels.

You collected 546 gold pieces.
You paid 52 gold pieces to Gozag.

Inventory:

Hand Weapons
 h - a +0 dagger of protection (weapon)
Missiles
 t - a throwing net (quivered)
Armour
 a - a +0 robe (worn)
 m - a +1 pair of gloves (worn)
Wands
 s - a wand of paralysis (10)
Scrolls
 d - 2 scrolls of enchant weapon {unknown}
 i - a scroll of fear {unknown}
 k - a scroll of blinking {unknown}
 n - a scroll of noise {unknown}
 o - a scroll of amnesia {unknown}
 q - 2 scrolls of teleportation {unknown}
 r - 7 scrolls of identify {unknown}
 u - a scroll of brand weapon {unknown}
Potions
 e - a potion of haste {unknown}
 j - 2 potions of might {unknown}
 l - 3 potions of heal wounds {unknown}
 p - a potion of agility {unknown}
 v - a potion of cancellation {unknown}
Books
 b - a book of Air

   Spells                             Type                      Level
   a - Shock                          Conjuration/Air              1
   b - Swiftness                      Charms/Air                   2
   c - Repel Missiles                 Charms/Air                   2
   d - Static Discharge               Conjuration/Air              3
   e - Lightning Bolt                 Conjuration/Air              5
 w - a book of Burglary

   Spells                             Type                      Level
   a - Swiftness                      Charms/Air                   2
   b - Passwall                       Transmutation/Earth          3
   c - Passage of Golubria            Translocation                4
   d - Lee's Rapid Deconstruction     Earth                        5
   e - Darkness                       Hexes                        6
   f - Invisibility                   Hexes                        6
Comestibles
 c - 7 bread rations
 f - 2 meat rations
 g - 2 beef jerkies


   Skills:
 + Level 3.3 Fighting
 + Level 3.6 Dodging
 - Level 1.7 Stealth
 + Level 4.3 Spellcasting
 + Level 4.7 Conjurations
 + Level 4.5 Air Magic


You had 8 spell levels left.
You knew the following spells:

 Your Spells              Type           Power        Failure   Level  Hunger
a - Shock                 Conj/Air       ###.         2%          1    None
b - Static Discharge      Conj/Air       ###.....     10%         3    ###....
c - Repel Missiles        Chrm/Air       ##....       12%         2    ##.....


Dungeon Overview and Level Annotations

Branches:
Dungeon (5/15)             Temple (0/1) D:5

Altars:
Cheibriados
Gozag
Kikubaaqudgha
Okawaru
Pakellas
Ru
Sif Muna
Xom
Zin
The Shining One

Annotations:
D:5 Pikel


Innate Abilities, Weirdness & Mutations

You have a pair of antennae on your head.
You are mostly covered in rugged brown scales (AC +2, +5% HP).


Message History

Pikel is severely wounded.
Pikel closely misses you.
Unknown command.
Casting: Shock
Confirm with . or Enter, or press ? or * to list all spells.
Aiming: Shock
Press: ? - help, Shift-Dir - straight line The zap hits Pikel.
Pikel is almost dead.
The zap hits Pikel.
Pikel is almost dead.
The zap hits the slave.
The slave is lightly wounded.
The zap hits the slave.
The slave is moderately wounded.
Pikel hits you with a whip of electrocution.
* * * LOW HITPOINT WARNING * * *
You are electrocuted!
You die...
Your body crumbles into a pile of gold.

..# ####......###### ..#
#..............####
..####.##.#....###.....#
.......##.#.#..###.....#
..........#.#p.#.. ....#
.......##(..({.#.#.....#
..####........##.#.....#
..# ####.....pK....#
..## #.....##@#.## ...##
#.....##.# ....##
#........# .....#
#.......## ....##
#....... ...### #.......
.....# #####... .#......
##.. ##.#####


You could see Pikel and a slave.

Vanquished Creatures
  Menkaure (D:5)
  Duvessa (D:5)
  An ogre (D:4)
  An ice beast (D:5)
  2 scorpions (D:4)
  Dowan (D:5)
  A giant frog zombie (D:5)
  A giant frog skeleton (D:4)
  An orc wizard (D:4)
  An iguana (D:4)
  A worker ant (D:5)
  7 gnolls
  2 worker ant zombies
  6 adders
  2 oozes
  6 giant geckos
  9 orcs
  A ball python (D:5)
  6 bats
  6 giant cockroaches
  7 hobgoblins
  8 jackals (D:1)
  4 quokkas
  5 giant newts
  10 goblins
  6 kobolds
  A quokka skeleton (D:4)
  10 rats
108 creatures vanquished.

Vanquished Creatures (others)
  An orc wizard (D:4)
1 creature vanquished.

Grand Total: 109 creatures vanquished

Notes
Turn   | Place    | Note
--------------------------------------------------------------
     0 | D:1      | cluie the Demonspawn Air Elementalist began the quest for the Orb.
     0 | D:1      | Reached XP level 1. HP: 13/13 MP: 3/3
   133 | D:1      | Gained mutation: You have a pair of small antennae on your head. [demonic ancestry]
   133 | D:1      | Reached XP level 2. HP: 5/19 MP: 0/5
   879 | D:1      | Reached skill level 3 in Air Magic
  1300 | D:1      | Gained mutation: You are partially covered in rugged brown scales (AC +1, +3% HP). [demonic ancestry]
  1300 | D:1      | Reached XP level 3. HP: 19/24 MP: 6/6
  1643 | D:2      | Found an oddly glowing altar of Pakellas.
  1940 | D:2      | Learned a level 3 spell: Static Discharge
  1943 | D:2      | Learned a level 2 spell: Repel Missiles
  2084 | D:2      | Found an iron altar of Okawaru.
  2630 | D:3      | Gained mutation: You have a pair of antennae on your head. [demonic ancestry]
  2630 | D:3      | Reached XP level 4. HP: 29/31 MP: 1/7
  3638 | D:3      | Reached skill level 1 in Fighting
  3694 | D:3      | Reached XP level 5. HP: 26/38 MP: 0/9
  3852 | D:3      | Found an opulent altar of Gozag.
  3937 | D:3      | Became a worshipper of Gozag Ym Sagoz the Greedy
  3997 | D:3      | Found a deep blue altar of Sif Muna.
  4024 | D:3      | Found an ancient bone altar of Kikubaaqudgha.
  4086 | D:3      | HP: 1/38 [poisoned by a gnoll]
  4256 | D:3      | Found a shimmering altar of Xom.
  4501 | D:4      | Found a sacrificial altar of Ru.
  4587 | D:4      | Reached XP level 6. HP: 16/44 MP: 10/10
  5238 | D:4      | Found a snail-covered altar of Cheibriados.
  5388 | D:4      | Reached skill level 4 in Conjurations
  5658 | D:4      | Gained mutation: You are mostly covered in rugged brown scales (AC +2, +5% HP). [demonic ancestry]
  5658 | D:4      | Reached XP level 7. HP: 34/53 MP: 2/12
  5781 | D:5      | Entered Level 5 of the Dungeon
  5934 | D:5      | Found a glowing golden altar of the Shining One.
  5959 | D:5      | Noticed Duvessa
  5975 | D:5      | Noticed Dowan
  6026 | D:5      | Killed Dowan
  6251 | D:5      | Found a staircase to the Ecumenical Temple.
  6349 | D:5      | Found a glowing silver altar of Zin.
  6358 | D:5      | Noticed Menkaure
  6375 | D:5      | Killed Menkaure
  6624 | D:5      | Killed Duvessa
  6800 | D:5      | Noticed Pikel
  6820 | D:5      | HP: 2/54 [Pikel/whip of electrocution (6)]
  6820 | D:5      | Mangled by Pikel

Vault maps used:
D:1:      roderic_crop_circles_arrival_small, feat_on_display
D:2:      okawaru_gym_becter, grunt_pakellas_sulfur
D:3:      led_sif_pool, tgw_xom, nicolae_gozag_cash_rules_everything_around_me,
          overflow_temple_1_default, first_bread, grunt_ministairs_13,
          roderic_serpentine_path, serial_park_tiny_2
D:4:      nicolae_overflow_crystal_walls, kennysheep_mini
D:5:      kennysheep_mini_moat, minmay_temple_entry_poolview,
          minmay_misc_feat_iff, kennysheep_nub, tso_metal_star, uniq_pikel,
          uniq_duvessa, uniq_menkaure

Action                   |  1- 3 |  4- 6 |  7- 9 || total
-------------------------+-------+-------+-------++-------
Melee: Unarmed           |    45 |       |       ||    45
       Dagger            |   170 |   230 |   107 ||   507
 Cast: Shock             |    32 |    47 |    26 ||   105
       Repel Missiles    |     1 |     1 |       ||     2
       Static Discharge  |       |    12 |    16 ||    28
  Use: Potion            |       |     2 |     1 ||     3
 Stab: Sleeping          |     5 |     3 |       ||     8
       Distracted        |       |     1 |       ||     1
  Eat: Chunk             |     6 |     5 |       ||    11
       Bread ration      |       |     1 |       ||     1
       Beef jerky        |       |     1 |     1 ||     2
       Meat ration       |       |       |     1 ||     1
